 Dungeon Crawl Stone Soup version 0.30-a0-860-g512cf1e979 (webtiles) character file.

Game seed: 6146411904495467603

29 112233 the Digger (level 3, 0/26 HPs)
             Began as a Draconian Earth Elementalist on Mar 7, 2023.
             Slain by an adder (2 damage)
             ... on level 2 of the Dungeon.
             The game lasted 00:01:49 (1181 turns).

112233 the Digger (Draconian Earth Elementalist)    Turns: 1181, Time: 00:01:50

Health: 0/26       AC:  6    Str: 10    XL:     3   Next: 1%
Magic:  5/6        EV: 12    Int: 17    God:
Gold:   64         SH:  0    Dex: 11    Spells: 5/6 levels left

rFire   . . .      SeeInvis .    c - +0 club
rCold   . . .      Faith    .    (no shield)
rNeg    . . .      Spirit   .    (body armour unavailable)
rPois   .          Reflect  .    (helmet restricted)
rElec   .          Rampage  .    e - +0 cloak
rCorr   .                        (no gloves)
Will    .....                    (no boots)
Stlth   ++                       (no amulet)
HPRegen 0.24/turn                (no ring)
MPRegen 0.10/turn                (no ring)

@: weak-willed, attractive
A: AC +5, unfitting armour, cold-blooded
a: no special abilities


You were on level 2 of the Dungeon.
You visited 1 branch of the dungeon, and saw 2 of its levels.

You collected 64 gold pieces.

Inventory:

Hand Weapons
 c - a +0 club (weapon)
Armour
 e - a +0 cloak (worn)
Scrolls
 b - a scroll of vulnerability
 f - a scroll of torment
Potions
 a - a potion of magic


   Skills:
 + Level 2.2 Dodging
 - Level 2.0 Stealth
 + Level 2.4 Spellcasting
 - Level 1.2 Transmutations
 + Level 3.3 Earth Magic


You had 5 spell levels left.
You knew the following spells:

 Your Spells              Type           Power      Damage    Failure   Level
a - Sandblast             Erth           26%        2d8       4%          1

Your spell library contained the following spells:

 Spells                   Type           Power      Damage    Failure   Level
 Passwall                 Tmut/Erth      7%         N/A       11%         2
 Apportation              Tloc           4%         N/A       19%         1
 Necrotise                Necr           8%         1d4       19%         1
 Slow                     Hex            8%         N/A       19%         1
 Summon Small Mammal      Summ           8%         N/A       19%         1
 Stone Arrow              Conj/Erth      14%        3d7       28%         3
 Confusing Touch          Hex            2%         N/A       50%         3
 Vampiric Draining        Necr           2%         2d6       50%         3
 Petrify                  Tmut/Erth      9%         N/A       58%         4


Dungeon Overview and Level Annotations

Branches:
Dungeon (2/15)

Altars:

Annotations:
D:2 Robin


Innate Abilities, Weirdness & Mutations

Your plain brown scales are hard. (AC +5)
You cannot fit into any form of body armour.
You are cold-blooded and may be slowed by cold attacks.


Message History

Unknown command.
The hobgoblin attacks as you move away! The hobgoblin closely misses you.
Robin throws the goblin at you! The goblin hits you with a +0 dagger.
The goblin hits you with a +0 club.
* * * LOW HITPOINT WARNING * * *
Unknown command.
Unknown command.
It was a potion of attraction.
You feel attractive to monsters.
An adder comes into view.
The goblin hits you with a +0 dagger.
* * * LOW HITPOINT WARNING * * *
The adder is attracted toward you.
Unknown command.
Okay, then.
As you read the scroll labelled IGOCUOV VAYV, it crumbles to dust.
It is a scroll of identify.
f - a scroll of torment The goblin closely misses you.
As you read the scroll labelled BUISURROL, it crumbles to dust.
Magic quickly surges around you.
It was a scroll of vulnerability.
The goblin misses you.
Unknown command.
As you read the scroll labelled VAICEI HUADDA, it crumbles to dust.
You hear a loud clanging noise!
It was a scroll of noise.
You hear a shout!
You hear an angry hiss.
You hear a shout!
The goblin hits you with a +0 dagger.
* * * LOW HITPOINT WARNING * * *
Unknown command.
Unknown command.
Unknown command.
The hobgoblin is attracted toward you. The goblin is attracted toward you.
Unknown command.
The goblin is attracted toward you. x4
The adder is attracted toward you. The goblin attacks as you move away!
The goblin hits you but does no damage. The goblin is attracted toward you.
The adder attacks as you move away! The adder bites you.
You die...

#....g§..#
##....ggg.##
..g.ggggg#§.
########§#.#####
#.#.#...
##§#.#.#####
#.ggg......#
#..#S#.###.#
#....@.# #.#
#.####.# #.# #.#
#.# #.# #.####.#
#.#########
#......#
#.#<).....#
########
#.#######.#
#.........#
###########


You could see an adder and 3 goblins.

Vanquished Creatures
  2 giant cockroaches (D:1)
  4 goblins
  5 hobgoblins (D:1)
  2 quokkas (D:1)
  3 ball pythons (D:1)
  2 bats (D:1)
  4 frilled lizards (D:1)
  A kobold (D:2)
  4 rats (D:1)
27 creatures vanquished.

Notes
Turn   | Place    | Note
-------+----------+-------------------------------------------
     0 | D:1      | 112233 the Draconian Earth Elementalist began the quest for
                  | the Orb.
     0 | D:1      | Reached XP level 1. HP: 14/14 MP: 3/3
   448 | D:1      | Reached XP level 2. HP: 20/20 MP: 3/5
   771 | D:1      | Found a faded altar of an unknown god.
  1168 | D:2      | Noticed Robin
  1171 | D:2      | Reached XP level 3. HP: 14/26 MP: 4/6
  1176 | D:2      | HP: 1/26 [goblin/+0 dagger[Robin] (5)]
  1181 | D:2      | Slain by an adder

Illustrated notes

Levels and vault maps discovered:
D:1:      psy_arrival_conway, layout_basic, shapermc_ecumenical_altar_rom_forum
D:2:      layout_basic, minmay_misc_feat_chi, uniq_robin

Skill      XL: |  1  2 |
---------------+-------+-----
Stealth        | 2 |  2.0
Dodging        | 2 |  2.2
Spellcasting   | |  2.4
Transmutations | |  1.2
Earth Magic    | |  3.3

Action                     || total
---------------------------++-------
  Melee: Club              ||    12
         Tailslap          ||     2
   Cast: Sandblast         ||    30
    Use: Scroll            ||     3
         Potion            ||     1
 Armour: Skin              ||    20
  Dodge: Dodged            ||    22

Table legend: (Time is in decaauts)
 A = Elapsed time spent in this place.
 B = Non-inter-level travel time spent in this place.
 C = Inter-level travel time spent in this place.
 D = Time resting spent in this place.
 E = Time spent auto-exploring this place.
 F = Levels seen in this place.
 G = Mean time per level.
                   A        B        C        D        E       F      G
               +--------+--------+--------+--------+--------+-----+--------+
         Total |   1203 |   1144 |     59 |      0 |    985 |   2 |  601.5 |
       Dungeon |   1203 |   1144 |     59 |      0 |    985 |   2 |  601.5 |
               +--------+--------+--------+--------+--------+-----+--------+

Top non-repeatable levels by time:
     D:1: 1133 daAuts
     D:2: 69 daAuts
